 Dungeon Crawl Stone Soup version 0.24.0-123-gd5b16e6ec5 (webtiles) character file.

Game seed: 9900211570308003226, levelgen mode: deterministic

60 Norian the Conjurer (level 3, 0/19 HPs)
             Began as a Deep Elf Conjurer on Dec 20, 2019.
             Slain by a jackal (1 damage)
             ... on level 2 of the Dungeon.
             The game lasted 00:01:07 (1009 turns).

Norian the Conjurer (Deep Elf Conjurer)             Turns: 1009, Time: 00:01:07

Health: 0/19       AC:  2    Str:  6    XL:     3   Next: 80%
Magic:  0/11       EV: 13    Int: 19    God:
Gold:   79         SH:  0    Dex: 15    Spells: 10/11 levels left

rFire    . . .     SeeInvis .   m - +0 dagger
rCold    . . .     Gourm    .   (no shield)
rNeg     . . .     Faith    .   a - +0 robe
rPois    .         Spirit   .   (no helmet)
rElec    .         Reflect  .   (no cloak)
rCorr    .         Harm     .   (no gloves)
MR       .....                  (no boots)
Stlth    ++........             (no amulet)
HPRegen  0.06/turn              (no ring)
MPRegen  0.12/turn              (no ring)

@: no status effects
A: no striking features
a: no special abilities


You were on level 2 of the Dungeon.
You were not hungry.

You visited 1 branch of the dungeon, and saw 2 of its levels.

You collected 79 gold pieces.

Inventory:

Hand Weapons
 m - a +0 dagger (weapon)
Armour
 a - a +0 robe (worn)
Jewellery
 b - an uncursed ring of positive energy {unknown}
 f - an uncursed ring of flight {unknown}
Scrolls
 d - 3 scrolls of enchant armour {unknown}
 e - a scroll of noise {unknown}
 j - a scroll of identify {unknown}
 l - a scroll of magic mapping {unknown}
Potions
 g - 2 potions of heal wounds {unknown}
 h - 2 potions of mutation {unknown}
 i - a potion of might {unknown}
 k - 3 potions of agility {unknown}
Comestibles
 c - 3 rations


   Skills:
 - Level 2.4 Dodging
 - Level 2.4 Stealth
 + Level 4.5 Spellcasting
 + Level 5.2 Conjurations


You had 10 spell levels left.
You knew the following spells:

 Your Spells              Type           Power        Failure   Level  Hunger
a - Magic Dart            Conj           ###.         1%          1    None

Your spell library contained the following spells:

 Spells                   Type           Power        Failure   Level  Hunger
 Searing Ray              Conj           ###...       2%          2    #......
 Dazzling Spray           Conj/Hex       ##....       13%         3    ###....
 Iskenderun's Mystic Bla  Conj           ###.....     14%         4    ####...
 Force Lance              Conj/Tloc      ##......     41%         4    ####...
 Fulminant Prism          Conj/Hex       ##........   41%         4    ####...


Dungeon Overview and Level Annotations

Branches:
Dungeon (2/15)

Altars:


Message History

The jackal is heavily wounded.
The jackal closely misses you.
You closely miss the jackal.
The jackal is heavily wounded.
The jackal bites you.
* * * LOW HITPOINT WARNING * * *
Casting: Magic Dart (safe; 1% risk of failure)
Confirm with . or Enter, or press ? or * to list all spells.
Aiming: Magic Dart (safe; 1% risk of failure)
Press: ? - help, Shift-Dir - straight line, f/p - jackal
Aim: a jackal (heavily wounded)
The magic dart hits the jackal.
The jackal is almost dead.
The jackal bites you.
* * * LOW HITPOINT WARNING * * *
The jackal bites you.
* * * LOW HITPOINT WARNING * * *
The jackal completely misses you. The jackal bites you.
You die...

# #..# #....##..#...
###.##..# #....##..#...
........ +....##..#...
#..#..# #....##..#...
###..#..####....##..##'#
........h..h...[.......#
.#..#..#####.####......
+....h# #....#...#..
#..#.@#####h...#...#.#
.................+......
#############....#..#...
≈≈≈ #...........).
≈≈≈≈≈###............
≈.........####......
.....(....# #......
..≈≈......# #......
≈≈.)≈.....# #.....<


You could see 2 jackals.

Vanquished Creatures
  Jessica (D:2)
  An adder (D:2)
  An ooze (D:2)
  A dart slug (D:1)
  A leopard gecko (D:2)
  A ball python (D:1)
  2 bats (D:2)
  2 giant cockroaches
  3 goblins (D:1)
  3 kobolds
  A frilled lizard (D:2)
  2 rats
19 creatures vanquished.

Notes
Turn   | Place    | Note
-------+----------+-------------------------------------------
     0 | D:1      | Norian the Deep Elf Conjurer began the quest for the Orb.
     0 | D:1      | Reached XP level 1. HP: 10/10 MP: 6/6
   130 | D:1      | Reached XP level 2. HP: 15/15 MP: 3/8
   878 | D:2      | Noticed Jessica
   883 | D:2      | Killed Jessica
   883 | D:2      | Reached skill level 5 in Conjurations
   883 | D:2      | Reached XP level 3. HP: 12/19 MP: 0/10
  1009 | D:2      | Slain by a jackal

Levels and vault maps discovered:
D:1:      saegor_arrival_miasma, layout_basic, minmay_pentomino_v2
D:2:      cheibrodos_helix_gallery, layout_basic, first_ration, uniq_robin,
          uniq_jessica

Skill      XL: |  1  2 |
---------------+-------+-----
Spellcasting   | 4 |  4.5
Conjurations   | 5 |  5.2
Dodging        | |  2.4
Stealth        | |  2.4

Action                   || total
-------------------------++-------
Melee: Dagger            ||     2
 Cast: Magic Dart        ||    45
Armor: Robe              ||     4
Dodge: Dodged            ||     8
